 Dungeon Crawl Stone Soup version 0.30-a0-165-g1891117ce2 (webtiles) character file.

Game seed: 11012715019846524525

102 BigDaddyOpFi the Ruffian (level 4, -1/61 HPs)
             Began as a Troll Transmuter on Sept 28, 2022.
             Slain by a hobgoblin (6 damage)
             ... led by Robin
             ... on level 2 of the Dungeon.
             The game lasted 00:02:18 (1031 turns).

BigDaddyOpFi the Ruffian (Troll Transmuter)         Turns: 1031, Time: 00:02:19

Health: -1/61      AC: 22    Str: 17    XL:     4   Next: 50%
Magic:  6/6        EV:  1    Int: 15    God:
Gold:   77         SH:  0    Dex:  9    Spells: 6/7 levels left

rFire   . . .      SeeInvis .      - Unarmed
rCold   . . .      Faith    .    (no shield)
rNeg    . . .      Spirit   .    (body armour currently unavailable)
rPois   +          Reflect  .    (helmet currently unavailable)
rElec   .          Harm     .    (cloak currently unavailable)
rCorr   .          Rampage  .    (gloves unavailable)
Will    .....      NoTele   +    (boots unavailable)
Stlth   +.........               (no amulet)
HPRegen 1.00/turn                (no ring)
MPRegen 0.10/turn                (no ring)

@: mighty, tree-form
A: stationary, stasis, torment immunity, boosted hp, large, unfitting armour,
(claws 3), regeneration 1, (shaggy fur 1), (tough skin 1), clever 1, inability
to read after injury 1, MP-powered wands
a: no special abilities


You were on level 2 of the Dungeon.
You were a tree.
You visited 1 branch of the dungeon, and saw 2 of its levels.

You collected 77 gold pieces.

Inventory:

Armour
 a - a +0 robe (melded)
Potions
 c - a potion of might


   Skills:
 - Level 1.0 Fighting
 - Level 1.7 Dodging
 - Level 3.1 Unarmed Combat
 + Level 2.1 Spellcasting
 + Level 2.5 Transmutations


You had 6 spell levels left.
You knew the following spells:

 Your Spells              Type           Power      Damage    Failure   Level
a - Beastly Appendage     Tmut           18%        N/A       8%          1

Your spell library contained the following spells:

 Spells                   Type           Power      Damage    Failure   Level
 Wereblood                Tmut           9%         N/A       12%         2
 Spider Form              Tmut/Pois      5%         N/A       36%         3
 Ice Form                 Ice/Tmut       5%         N/A       78%         4


Dungeon Overview and Level Annotations

Branches:
Dungeon (2/15)

Altars:


Innate Abilities, Weirdness & Mutations

You are a tree.
Your roots penetrate the ground, keeping you stationary.
You cannot be teleported.
You are immune to unholy pain and torment.
Your maximum health is greatly increased.
Your equipment is partially melded.
You are too large for most types of armour.
((You have claws for hands.))
Your natural rate of healing is unusually fast.
((You are covered in fur. (AC +1)))
((You have tough skin. (AC +1)))
Your mind is acute. (Int +4, Str/Dex -1)
You occasionally lose the ability to read scrolls when taking damage.
You expend magic power (3 MP) to strengthen your wands.


Message History

The goblin hits you but does no damage. The hobgoblin hits you.
* * * LOW HITPOINT WARNING * * *
The goblin hits you with a +0 club.
* * * LOW HITPOINT WARNING * * *
The hobgoblin hits you.
* * * LOW HITPOINT WARNING * * *
The goblin completely misses you. The goblin hits you but does no damage.
Unknown command.
You barely miss the goblin.
The goblin is heavily wounded.
The goblin hits you but does no damage. x3
The hobgoblin hits you but does no damage. x2
The goblin hits you but does no damage.
You closely miss the goblin.
The goblin is heavily wounded.
The goblin hits you but does no damage.
The hobgoblin hits you but does no damage.
The hobgoblin completely misses you.
The goblin hits you but does no damage. x3
You smack the goblin!
You kill the goblin!
The goblin hits you but does no damage. x2
The hobgoblin hits you but does no damage.
The goblin hits you but does no damage. The hobgoblin hits you.
* * * LOW HITPOINT WARNING * * *
You barely miss the goblin. The hobgoblin completely misses you.
The goblin hits you but does no damage. x2
The goblin hits you with a +0 dagger.
* * * LOW HITPOINT WARNING * * *
The hobgoblin hits you.
* * * LOW HITPOINT WARNING * * *
You hit the goblin.
You kill the goblin!
The goblin hits you but does no damage. The goblin hits you with a +0 club.
* * * LOW HITPOINT WARNING * * *
The hobgoblin hits you but does no damage. x2
You smack the goblin!
You kill the goblin!
The hobgoblin hits you but does no damage.
The goblin hits you but does no damage. The hobgoblin hits you.
You die...

##### ........#
#...#########....(..#
#...#.......#.......#
#...#.......#.......###
.......................
#...#.......#.......#
#...#.......#.......#
#############..)g)..#
#..)♣)..# #..g)g..#
###.#...$... ......#.#.
..##...# # ... ....
.... ..##. ..... ..# ..


You could see 2 hobgoblins and a goblin.

Vanquished Creatures
  Jessica (D:2)
  Robin (D:2)
  An adder (D:2)
  A dart slug (D:1)
  3 endoplasms (D:1)
  2 giant cockroaches
  13 goblins
  11 hobgoblins
  4 jackals (D:1)
  A quokka (D:1)
  2 ball pythons
  2 bats
  A frilled lizard (D:1)
  2 kobolds (D:1)
  4 rats (D:1)
49 creatures vanquished.

Notes
Turn   | Place    | Note
-------+----------+-------------------------------------------
     0 | D:1      | BigDaddyOpFi the Troll Transmuter began the quest for the
                  | Orb.
     0 | D:1      | Reached XP level 1. HP: 18/18 MP: 1/1
    50 | D:1      | Found a faded altar of an unknown god.
    71 | D:1      | Reached skill level 1 in Fighting
    76 | D:1      | Reached XP level 2. HP: 27/27 MP: 3/3
   596 | D:1      | Reached XP level 3. HP: 33/33 MP: 4/4
   822 | D:2      | Noticed Jessica
   827 | D:2      | Killed Jessica
   886 | D:2      | Reached XP level 4. HP: 41/41 MP: 6/6
  1001 | D:2      | Noticed Robin
  1012 | D:2      | Gained mutation: You occasionally lose the ability to read
                  | scrolls when taking damage. [potion of mutation]
  1012 | D:2      | Gained mutation: You expend magic power (3 MP) to
                  | strengthen your wands. [potion of mutation]
  1012 | D:2      | Gained mutation: Your mind is acute. (Int +4, Str/Dex -1)
                  | [potion of mutation]
  1012 | D:2      | HP: 2/41 [hobgoblin[Robin] (2)]
  1025 | D:2      | Killed Robin
  1031 | D:2      | Slain by a hobgoblin

Illustrated notes

Levels and vault maps discovered:
D:1:      zelgadis_glass_arrival_small, layout_basic,
          hellmonk_ecumenical_altar_blasted
D:2:      layout_basic, minivault_14, minmay_unequal, uniq_robin, uniq_jessica

Skill      XL: |  1  2  3 |
---------------+----------+-----
Fighting       | 1 |  1.0
Transmutations | 2 |  2.5
Spellcasting   | 2 |  2.1
Dodging        | |  1.7
Unarmed Combat | |  3.1

Action                   |  1- 3 |  4- 6 || total
-------------------------+-------+-------++-------
Melee: Unarmed           |    70 |    31 ||   101
       Punch             |     1 |       ||     1
  Use: Potion            |       |     5 ||     5
Armor: Robe              |    16 |    16 ||    32
       Skin              |       |    63 ||    63
Dodge: Dodged            |    24 |    24 ||    48

Table legend: (Time is in decaauts)
 A = Elapsed time spent in this place.
 B = Non-inter-level travel time spent in this place.
 C = Inter-level travel time spent in this place.
 D = Time resting spent in this place.
 E = Time spent auto-exploring this place.
 F = Levels seen in this place.
 G = Mean time per level.
                   A        B        C        D        E       F      G
               +--------+--------+--------+--------+--------+-----+--------+
         Total |   1024 |   1014 |     10 |      0 |    812 |   2 |  512.0 |
       Dungeon |   1024 |   1014 |     10 |      0 |    812 |   2 |  512.0 |
               +--------+--------+--------+--------+--------+-----+--------+

Top non-repeatable levels by time:
     D:1: 817 daAuts
     D:2: 207 daAuts
